 Dungeon Crawl Stone Soup version 0.26-a0-572-g753d7e3450 (webtiles) character file.

Game seed: 13031785520086859453

106 MrRokkomies the Skirmisher (level 4, -10/42 HPs)
             Began as a Palentonga Fighter on Aug 21, 2020.
             Killed by divine providence
             ... invoked by an orc priest
              (13 damage)
             ... on level 3 of the Dungeon.
             The game lasted 00:02:19 (1966 turns).

MrRokkomies the Skirmisher (Palentonga Fighter)     Turns: 1966, Time: 00:02:20

Health: -10/42     AC:  6    Str: 20    XL:     4   Next: 55%
Magic:  4/4        EV:  5    Int:  8    God:
Gold:   140        SH:  8    Dex: 10    Spells: 3/3 levels left

rFire    . . .     SeeInvis +   a - +1 war axe
rCold    . . .     Faith    +   c - +0 kite shield
rNeg     . . .     Spirit   .   p - +0 scale mail
rPois    .         Reflect  .   (no helmet)
rElec    .         Harm     .   (no cloak)
rCorr    .                      (no gloves)
MR       .....                  (no barding)
Stlth    ..........             g - amulet of faith
HPRegen  0.14/turn              (no ring)
MPRegen  0.09/turn              (no ring)

@: no status effects
A: large, rugged brown scales 3, see invisible, deformed body, roll, armoured
tail
a: Rolling Charge


You were on level 3 of the Dungeon.
You visited 1 branch of the dungeon, and saw 3 of its levels.

You collected 140 gold pieces.

Inventory:

Hand Weapons
 a - a +1 war axe (weapon)
 b - a +0 hunting sling
Missiles
 q - 12 sling bullets
Armour
 c - a +0 kite shield (worn)
 p - a +0 scale mail (worn)
Jewellery
 g - an amulet of faith (around neck)
Scrolls
 e - 2 scrolls of identify
 h - a scroll of immolation {unknown}
 i - a scroll of fog {unknown}
 l - a scroll of enchant armour {unknown}
 m - a scroll of teleportation {unknown}
 n - a scroll of remove curse {unknown}
 o - a scroll of noise {unknown}
Potions
 d - a potion of might
 j - a potion of magic {unknown}
 k - a potion of mutation {unknown}


   Skills:
 * Level 4.1 Fighting
 * Level 3.4 Axes
 + Level 2.9 Armour
 - Level 2.4 Shields


You had 3 spell levels left.
You didn't know any spells.
Your spell library was empty.

Dungeon Overview and Level Annotations

Branches:
Dungeon (3/15)

Altars:


Innate Abilities, Weirdness & Mutations

You are completely covered in rugged brown scales. (AC +3, +7% HP)
You have supernaturally acute eyesight. (SInv)
Armour fits poorly on your strangely shaped body.
You can roll at foes to attack.
You have a long armoured tail.


Message History

You barely miss the leopard gecko.
The leopard gecko is almost dead.
The leopard gecko bites you.
The leopard gecko bites you but does no damage.
You closely miss the leopard gecko.
Your tail-slap misses the leopard gecko.
The leopard gecko is almost dead.
The leopard gecko bites you but does no damage.
The orc priest looks braver for a moment.
The leopard gecko bites you but does no damage.
You barely miss the leopard gecko.
Your tail-slap misses the leopard gecko.
The leopard gecko is almost dead.
The orc priest mumbles some strange prayers to Beogh against you.
Beogh smites you!
* * * LOW HITPOINT WARNING * * *
You block the leopard gecko's attack.
The orc priest mumbles some strange prayers to Beogh against you.
Beogh smites you!
You die...

#.......$#
#........
#.......
#...... .....
.o. #o# #l# #@#
###'####
#......#
#......#
#......#
#......#
#..>...#
########......#
#.............#


You could see 2 orc priests and a leopard gecko.

Vanquished Creatures
  An orc priest (D:3)
  2 adders
  An ooze (D:2)
  A worm (D:2)
  A dart slug (D:3)
  3 leopard geckos
  An orc (D:3)
  2 giant cockroaches
  4 hobgoblins (D:1)
  4 jackals (D:2)
  2 quokkas (D:2)
  A ball python (D:1)
  8 bats
  3 frilled lizards
  7 goblins
  2 kobolds (D:3)
  2 rats (D:1)
45 creatures vanquished.

Vanquished Creatures (others)
  An orc priest (D:3)
  2 orcs (D:3)
3 creatures vanquished.

Grand Total: 48 creatures vanquished

Notes
Turn   | Place    | Note
-------+----------+-------------------------------------------
     0 | D:1      | MrRokkomies the Palentonga Fighter began the quest for the
                  | Orb.
     0 | D:1      | Reached XP level 1. HP: 20/20 MP: 1/1
   240 | D:1      | Reached XP level 2. HP: 27/27 MP: 2/2
   820 | D:2      | Reached XP level 3. HP: 32/33 MP: 3/3
  1894 | D:3      | Reached XP level 4. HP: 42/42 MP: 4/4
  1948 | D:3      | Reached skill level 4 in Fighting
  1966 | D:3      | Killed from afar by an orc priest

Illustrated notes

Levels and vault maps discovered:
D:1:      dpeg_arrival_yet_another_circle, layout_basic,
          corexii_item_surrounded_by_moat
D:2:      layout_basic
D:3:      layout_basic, lemuel_flame_loot_1

Skill      XL: |  1  2  3  4 |
---------------+-------------+-----
Axes           | 3 |  3.4
Fighting       | 4 |  4.1
Armour         | |  2.9
Shields        | |  2.4

Action                   |  1- 3 |  4- 6 || total
-------------------------+-------+-------++-------
Melee: War axe           |   113 |    16 ||   129
       Tailslap          |     6 |       ||     6
 Abil: Rolling Charge    |     1 |     1 ||     2
  Use: Scroll            |     4 |       ||     4
       Potion            |       |     2 ||     2
Armor: Scale mail        |    58 |    10 ||    68
Dodge: Dodged            |    32 |     2 ||    34
Block: Kite shield       |    48 |     9 ||    57

Table legend: (Time is in decaauts)
 A = Elapsed time spent in this place.
 B = Non-inter-level travel time spent in this place.
 C = Inter-level travel time spent in this place.
 D = Time resting spent in this place.
 E = Time spent auto-exploring this place.
 F = Levels seen in this place.
 G = Mean time per level.
                   A        B        C        D        E       F      G
               +--------+--------+--------+--------+--------+-----+--------+
         Total |   2021 |   1975 |     46 |      0 |   1650 |   3 |  673.7 |
       Dungeon |   2021 |   1975 |     46 |      0 |   1650 |   3 |  673.7 |
               +--------+--------+--------+--------+--------+-----+--------+

Top non-repeatable levels by time:
     D:2: 1040 daAuts
     D:1: 813 daAuts
     D:3: 166 daAuts
